 Dungeon Crawl Stone Soup version 0.28-a0-1002-gf00fe891ef (webtiles) character file.

Game seed: 17283108023311926844

3793 Armakuni the Cruncher (level 10, -7/118 HPs)
             Began as a Human Wanderer on Dec 6, 2021.
             Was a Follower of Vehumet.
             Mangled by a gargoyle (15 damage)
             ... on level 7 of the Dungeon.
             The game lasted 00:16:55 (9241 turns).

Armakuni the Cruncher (Human Wanderer)              Turns: 9241, Time: 00:16:55

Health: -7/118     AC: 25    Str: 16    XL:     10   Next: 39%
Magic:  10/10      EV:  2    Int: 18    God:    Vehumet [*.....]
Gold:   420        SH:  0    Dex:  8    Spells: 9/9 levels left

rFire   . . .      SeeInvis .   a - +2 lajatang (vamp)
rCold   . . .      Faith    .   (shield currently unavailable)
rNeg    . . .      Spirit   .   (armour currently unavailable)
rPois   +          Reflect  .   (helmet currently unavailable)
rElec   .          Harm     .   (cloak currently unavailable)
rCorr   .          Rampage  .   (gloves currently unavailable)
Will    .....      NoTele   +   (boots currently unavailable)
Stlth   +.........              M - amulet of magic regeneration
HPRegen 0.29/turn               (no ring)
MPRegen 0.52/turn               (no ring)

@: mighty, tree-form, studying Short Blades
A: stationary, stasis, torment immunity, boosted hp
a: Renounce Religion


You were on level 7 of the Dungeon.
You worshipped Vehumet.
Vehumet was aware of your devotion.
You were a tree.
You visited 2 branches of the dungeon, and saw 8 of its levels.
You also visited: Sewer.

You collected 439 gold pieces.
You spent 19 gold pieces at shops.

Inventory:

Hand Weapons
 a - a +2 vampiric lajatang (weapon)
 k - a +0 hand crossbow of venom
Missiles
 c - 42 bolts
 h - a throwing net (quivered)
Armour
 q - a +0 pair of gloves (melded)
 s - a +0 cloak (melded)
 t - a +2 scale mail (melded)
Magical Staves
 b - a staff of conjuration
Jewellery
 M - an amulet of magic regeneration (around neck)
 U - an amulet of faith
Wands
 j - a wand of iceblast (5)
 m - a wand of mindburst (7)
 v - a wand of flame (28)
Scrolls
 e - 3 scrolls of identify
 g - 2 scrolls of noise
 r - 2 scrolls of vulnerability
Potions
 i - 2 potions of haste
 l - a potion of mutation
 n - 3 potions of flight
 p - a potion of brilliance
 u - 2 potions of magic {unknown}
 w - 3 potions of cancellation {unknown}


   Skills:
 - Level 7.3 Fighting
 + Level 10.9 Staves
 - Level 3.0 Crossbows
 - Level 1.0 Throwing
 - Level 5.0 Armour
 - Level 1.0 Shields
 - Level 5.0 Evocations


You had 9 spell levels left.
You didn't know any spells.
Your spell library contained the following spells:

 Spells                   Type           Power      Damage    Failure   Level
 Freeze                   Ice            0%         1d3       22%         1
 Foxfire                  Conj/Fire      0%         2x1d4     22%         1
 Shock                    Conj/Air       0%         1d3       22%         1
 Corpse Rot               Necr/Air       0%         N/A       32%         2
 Ensorcelled Hibernation  Hex/Ice        0%         N/A       32%         2
 Poisonous Vapours        Pois/Air       0%         N/A       32%         2
 Conjure Flame            Conj/Fire      0%         6-21      54%         3
 Frozen Ramparts          Ice            0%         1d2       54%         3
 Inner Flame              Hex/Fire       0%         N/A       54%         3
 Swiftness                Air            0%         N/A       54%         3
 Tukima's Dance           Hex            0%         N/A       54%         3
 Airstrike                Air            0%         N/A       91%         4
 Flame Wave               Conj/Fire      0%         2d4       91%         4
 Ice Form                 Ice/Tmut       0%         N/A       91%         4
 Summon Ice Beast         Ice/Summ       0%         N/A       91%         4


Dungeon Overview and Level Annotations

Branches:
Dungeon (7/15)             Temple (1/1) D:5           Sewer (visited)

Altars:
Cheibriados
Elyvilon
Fedhas
Gozag
Kikubaaqudgha
Uskayaw
Vehumet
Wu Jian
Zin
The Shining One

Shops:
D:1 *(


Message History

You kill the steam dragon!
Vehumet accepts your kill.
You are engulfed in a cloud of scalding steam.
You slash the hound!
You feel better.
The hound is almost dead.
You hear a shout!
The hound is engulfed in a cloud of scalding steam.
The hound dies!
You barely miss the gargoyle. The gargoyle hits you with a +0 mace.
An orc comes into view. It is wielding a +0 club.
You barely miss the gargoyle.
The gargoyle hurls a stone arrow at you.
The stone arrow hits you!!
* * * LOW HITPOINT WARNING * * *
Okay, then.
Okay, then.
Okay, then.
Unknown command.
You feel better.
The gargoyle hurls a stone arrow at you.
The stone arrow hits you!!
* * * LOW HITPOINT WARNING * * *
You feel better.
The gargoyle hits you but does no damage.
You feel better. The gargoyle hits you with a +0 mace!
* * * LOW HITPOINT WARNING * * *
You feel better. The gargoyle hits you with a +0 mace!
* * * LOW HITPOINT WARNING * * *
Okay, then.
Really quaff the potion of lignification?
You turn into a tree.
Your +0 cloak melds into your body.
Your +0 pair of gloves melds into your body.
Your +2 scale mail melds into your body.
Your roots penetrate the ground.
The gargoyle hits you with a +0 mace.
* * * LOW HITPOINT WARNING * * *
You barely miss the gargoyle. You slice the gargoyle!!
The gargoyle is severely damaged.
The gargoyle hits you with a +0 mace!
You die...

..♣.......# .##... #. #.#..## #.
#.♣..#....# .##.##. #.#...## #.
..♣.##..#.# y.#.#.. ##.#....###.
..'..#..#..# '#.#' #.........#.
..♣#.#......###...###............
#.♣#####........8........#.......
..♣ #...###.zo###...###...### ♣'♣
#..## #9# ##..# #...#.# ... #♣#
##.###.....# #.. ##.##
#.##....#.. ## ##...##
#.#.....#..
####.....####.........#
....................#.#
######...##.........###
########.......... # #...........
#.#...........


You could see a gargoyle, a wight and an orc.

Vanquished Creatures
  Grinder (D:3)
  A hornet (D:7)
  Sigmund (D:3)
  A steam dragon (D:7)
  Menkaure (D:5)
  A vampire mosquito (D:7)
  A water moccasin (D:6)
  A black bear (D:7)
  A necrophage (D:7)
  3 sky beasts
  3 ice beasts
  4 centaurs
  A phantom (D:4)
  2 kobold brigands
  A gnoll sergeant (D:5)
  2 bullfrogs (D:6)
  A wyvern zombie (D:6)
  A water moccasin zombie (D:6)
  2 scorpions
  4 howler monkeys
  2 centaur zombies
  2 bullfrog zombies (D:5)
  2 hounds
  2 orc priests (D:6)
  3 centaur skeletons (D:7)
  2 jellies
  A bullfrog skeleton (D:5)
  4 iguanas
  An orc wizard (D:5)
  A killer bee zombie (D:6)
  A hound skeleton (D:4)
  2 howler monkey zombies
  7 adders
  12 gnolls
  A river rat (Sewer)
  A shadow imp (D:7)
  2 white imps
  An ufetubus (D:6)
  3 worms
  2 dart slugs
  11 orcs
  7 ball pythons
  6 bats
  4 endoplasms
  3 giant cockroaches (D:3)
  9 goblins
  8 hobgoblins
  2 jackals (Sewer)
  5 quokkas
  3 frilled lizards (D:2)
  16 kobolds
  9 rats
168 creatures vanquished.

Vanquished Creatures (collateral kills)
  2 iguanas (D:6)
2 creatures vanquished.

Vanquished Creatures (others)
  A hound (D:7)
1 creature vanquished.

Grand Total: 171 creatures vanquished

Notes
Turn   | Place    | Note
-------+----------+-------------------------------------------
     0 | D:1      | Armakuni the Human Wanderer began the quest for the Orb.
     0 | D:1      | Armakuni set off with the following items: a +0 hand
                  | crossbow, a +2 scale mail, 27 bolts, a potion of
                  | lignification
     0 | D:1      | Reached XP level 1. HP: 16/16 MP: 1/1
   250 | D:1      | Found Esoex's Assorted Antiques.
   258 | D:1      | Bought a scroll labelled ANOYFE HYEHYL for 19 gold pieces
   394 | D:1      | Found Pahed's Weapon Emporium.
   449 | D:1      | Reached XP level 2. HP: 23/23 MP: 2/2
   966 | D:2      | Reached XP level 3. HP: 15/29 MP: 3/3
  1308 | D:2      | Reached XP level 4. HP: 18/37 MP: 4/4
  2033 | D:2      | Reached XP level 5. HP: 43/43 MP: 5/5
  2496 | D:2      | Reached skill level 5 in Fighting
  3292 | D:3      | Noticed Grinder
  3307 | D:3      | Paralysed by Grinder for 4 turns
  3320 | D:3      | Killed Grinder
  3321 | D:3      | Reached XP level 6. HP: 52/52 MP: 6/6
  3539 | D:3      | Noticed Sigmund
  3545 | D:3      | Killed Sigmund
  3546 | D:3      | Reached XP level 7. HP: 53/60 MP: 7/7
  4158 | D:4      | Identified a scroll of acquirement
  4158 | D:4      | Acquired a +2 vampiric lajatang
  4577 | D:4      | Reached skill level 1 in Staves
  4706 | D:4      | Reached skill level 2 in Staves
  4706 | D:4      | Reached XP level 8. HP: 50/67 MP: 8/8
  5023 | D:5      | Entered Level 5 of the Dungeon
  5040 | D:5      | Reached skill level 3 in Staves
  5156 | D:5      | Found a glowing drain.
  5177 | Sewer    | Entered a sewer
  5392 | Sewer    | Reached skill level 4 in Staves
  5438 | Sewer    | Found a white marble altar of Elyvilon.
  5645 | D:5      | HP: 2/67 [gnoll sergeant (6)]
  5648 | D:5      | Reached skill level 5 in Staves
  5949 | D:5      | Found a staircase to the Ecumenical Temple.
  5961 | Temple   | Entered the Ecumenical Temple
  5969 | Temple   | Became a worshipper of Vehumet
  6003 | D:5      | Noticed Menkaure
  6175 | D:5      | Killed Menkaure
  6176 | D:5      | Reached skill level 1 in Evocations
  6382 | D:5      | Reached skill level 6 in Staves
  6539 | D:5      | Reached XP level 9. HP: 53/72 MP: 9/9
  7226 | D:6      | Reached * piety under Vehumet
  7226 | D:6      | Offered knowledge of Freeze by Vehumet.
  7228 | D:6      | Reached skill level 7 in Staves
  7576 | D:6      | Found an ornate altar of the Wu Jian Council.
  7589 | D:6      | Reached skill level 5 in Evocations
  7813 | D:6      | Reached skill level 8 in Staves
  8343 | D:7      | Reached skill level 9 in Staves
  8350 | D:7      | Reached XP level 10. HP: 43/79 MP: 10/10
  8799 | D:7      | Found a snail-covered altar of Cheibriados.
  8804 | D:7      | Paralysed by a kobold for 3 turns
  9202 | D:7      | Noticed a gargoyle
  9206 | D:7      | Reached skill level 10 in Staves
  9235 | D:7      | HP: 3/79 [gargoyle/stone arrow (21)]
  9241 | D:7      | Mangled by a gargoyle

Illustrated notes

Levels and vault maps discovered:
D:1:      elethiomel_arrival_infinity_welcomes_careful_drivers, layout_basic,
          serial_shops, nicolae_shop_waterfront, shop, minmay_misc_feat_tiny,
          serial_bayou_lake_a
D:2:      layout_basic, chequers_serial_rivers_small_a, serial_park_tiny_pond,
          minmay_quadrilaterals
D:3:      layout_loops_corners, supply_closet_lemuel, uniq_sigmund, uniq_grinder
D:4:      layout_loops_ring
D:5:      layout_loops_corners, minmay_temple_entry_glassed_door,
          cheibrodos_sewer_entry_drain, uniq_menkaure
D:6:      nicolae_cairo_tiling_very_big, layout_loops_ring,
          nicolae_wu_jian_wuxing_cycle
D:7:      cheibrodos_barr_body, layout_layer_cave,
          mainiacjoe_overflow_six_doors_small, minmay_misc_feat_alley,
          minmay_manual_monolith
Temple:   eino_temple_lava

Skill      XL: |  1  2  3  4  5  6  7  8  9 10 |
---------------+-------------------------------+-----
Fighting       | 3 4 6 7 |  7.3
Crossbows      | 3 |  3.0
Staves         | 2 6 9 10 | 10.9
Evocations     | 2 5 |  5.0
Throwing       | |  1.0
Armour         | |  5.0
Shields        | |  1.0

Action                   |  1- 3 |  4- 6 |  7- 9 | 10-12 || total
-------------------------+-------+-------+-------+-------++-------
Melee: Unarmed           |       |    14 |       |       ||    14
       Lajatang          |       |       |   291 |    69 ||   360
 Fire: Hand crossbow     |    50 |   130 |    41 |       ||   221
Throw: Throwing net      |       |       |       |     2 ||     2
Evoke: Wand              |       |       |     5 |     2 ||     7
  Use: Scroll            |     2 |     2 |     9 |     3 ||    16
       Potion            |       |     1 |     4 |     6 ||    11
Armor: Scale mail        |    10 |    60 |   176 |    54 ||   300
       Skin              |       |    12 |       |       ||    12
Dodge: Dodged            |    16 |    47 |   172 |    36 ||   271

Table legend: (Time is in decaauts)
 A = Elapsed time spent in this place.
 B = Non-inter-level travel time spent in this place.
 C = Inter-level travel time spent in this place.
 D = Time resting spent in this place.
 E = Time spent auto-exploring this place.
 F = Levels seen in this place.
 G = Mean time per level.
                   A        B        C        D        E       F      G
               +--------+--------+--------+--------+--------+-----+--------+
         Total |   9423 |   9117 |    306 |   1103 |   6466 |   9 | 1047.0 |
       Dungeon |   8923 |   8624 |    299 |    958 |   6196 |   7 | 1274.7 |
        Temple |    164 |    157 |      7 |    145 |      0 |   1 |  164.0 |
         Sewer |    335 |    335 |      0 |      0 |    270 |   1 |  335.0 |
               +--------+--------+--------+--------+--------+-----+--------+

Top non-repeatable levels by time:
     D:2: 1820 daAuts
     D:5: 1561 daAuts
     D:3: 1483 daAuts
     D:6: 1135 daAuts
     D:7: 1067 daAuts
     D:1: 928 daAuts
     D:4: 926 daAuts
   Sewer: 335 daAuts
  Temple: 164 daAuts
